 Dungeon Crawl Stone Soup version 0.26.1-11-gd32895ea62 (webtiles) character file.

Game seed: 6637694065398109106

2268 Zeld the Ducker (level 9, 0/65 HPs)
             Began as an Octopode Monk on May 18, 2021.
             Was a Priest of Qazlal.
             Killed by divine providence
             ... invoked by an orc priest
              (12 damage)
             ... on level 7 of the Dungeon.
             The game lasted 00:11:20 (13067 turns).

Zeld the Ducker (Octopode Monk)                    Turns: 13067, Time: 00:11:20

Health: 0/65       AC:  1    Str: 14    XL:     9   Next: 38%
Magic:  9/9        EV: 18    Int: 12    God:    Qazlal [***...]
Gold:   325        SH:  3    Dex: 14    Spells: 8/8 levels left

rFire    . . .     SeeInvis +   a - +0 falchion
rCold    . . .     Faith    .   (no shield)
rNeg     . . .     Spirit   .   (helmet restricted)
rPois    .         Reflect  .   (no amulet)
rElec    .         Harm     .   o - ring of see invisible
rCorr    .         Rampage  .   (no ring)
Will     .....                  (no ring)
Stlth    ++........             (no ring)
HPRegen  0.20/turn              (no ring)
MPRegen  0.11/turn              (no ring)
                                (no ring)
                                (no ring)

@: no status effects
A: almost no armour, stealthy swim, amphibious, 8 rings, constrict 8, camouflage
1, gelatinous body 1
a: Renounce Religion, Upheaval, Elemental Force


You were on level 7 of the Dungeon.
You worshipped Qazlal.
Qazlal was most pleased with you.
You visited 2 branches of the dungeon, and saw 8 of its levels.

You collected 325 gold pieces.

Inventory:

Hand Weapons
 a - a +0 falchion (weapon)
 w - a +0 falchion
Jewellery
 o - a ring of see invisible (left tentacle)
 r - an uncursed ring of poison resistance {unknown}
 t - an uncursed ring of stealth {unknown}
 B - an uncursed ring of magical power {unknown}
Wands
 i - a wand of disintegration (21)
 v - a wand of flame (15)
 y - a wand of polymorph (6)
Scrolls
 b - 4 scrolls of identify {unknown}
 e - 2 scrolls of noise {unknown}
 g - 2 scrolls of fear {unknown}
 j - 2 scrolls of amnesia {unknown}
 k - 2 scrolls of enchant armour {unknown}
 n - 6 scrolls of teleportation {unknown}
 p - a scroll of remove curse {unknown}
 s - 5 scrolls of random uselessness {unknown}
 u - a scroll of magic mapping {unknown}
 x - a scroll of blinking {unknown}
Potions
 c - a potion of attraction {unknown}
 d - a potion of haste {unknown}
 f - 3 potions of berserk rage {unknown}
 h - 2 potions of cancellation {unknown}
 l - a potion of degeneration {unknown}
 m - a potion of mutation {unknown}
 q - 3 potions of flight {unknown}
 z - a potion of lignification {unknown}
 A - 2 potions of curing {unknown}


   Skills:
 * Level 7.7 Fighting
 * Level 7.6 Long Blades
 * Level 7.7 Dodging
 - Level 2.6 Stealth


You had 8 spell levels left.
You didn't know any spells.
Your spell library was empty.

Dungeon Overview and Level Annotations

Branches:
Dungeon (7/15)             Temple (1/1) D:5

Altars:
Ashenzari
Cheibriados
Elyvilon
Fedhas
Gozag
Hepliaklqana
Kikubaaqudgha
Makhleb
Nemelex Xobeh
Okawaru
Qazlal
Ru
Sif Muna
Trog
Uskayaw
Vehumet
Wu Jian
Xom
Yredelemnul
Zin
The Shining One


Innate Abilities, Weirdness & Mutations

You cannot wear most types of armour.
You are very stealthy in the water. (Stealth+)
You are amphibious.
You can wear up to eight rings at the same time.
You can use your tentacles to constrict eight enemies at once.
Your skin changes colour to match your surroundings (Stealth+).
Your rubbery body absorbs attacks. (AC +1, EV +1)


Message History

The orc priest looks satisfied for a moment.
An orc wizard comes into view. It is wielding a +0 dagger.
An orc priest comes into view. It is wielding a +0 flail.
The orc priest invokes the aid of Beogh against you.
Beogh smites you!
Things that are here:
a +0 flail; a cursed +0 leather armour
Found a stone staircase leading up.
The orc priest calls down the wrath of Beogh upon you.
Beogh smites you!
Things that are here:
a +0 flail; a cursed +0 leather armour The orc wizard gestures wildly while chanting.
The orc wizard blinks!
The orc priest calls down the wrath of Beogh upon you.
Beogh smites you!
* * * LOW HITPOINT WARNING * * *
The orc priest calls down the wrath of Beogh upon you.
Beogh smites you!
You die...

.. ..#.. #. #.#.# #.
#.#.# #. #.#.# #. #?#.#
# # #.###.#)####.# #.#
#.#..#o#.○..))..#.###.#
.......o.)..o>......#.#
#.#....#.#.#@##.#.#.#.#
#.####.#.#.##)#.#.#.#
<. #.#.#.##.#...#.# #
#.#.#.##.......##
#.#.#...........#
..#.###..#####.##
......../# #.# #.####.#
#.# ..# #.#


You could see 2 orc priests and an orc wizard.

Vanquished Creatures
  Pikel (D:5)
  Prince Ribbit (D:6)
  Eustachio (D:5)
  Menkaure (D:6)
  2 orc warriors
  A sky beast (D:5)
  A phantom (D:3)
  A centaur (D:6)
  2 lemures
  Blork the orc (D:5)
  A bullfrog (D:6)
  2 howler monkeys (D:4)
  A jelly (D:3)
  A quasit (D:6)
  A hound (D:5)
  2 orc priests (D:5)
  An orc wizard (D:5)
  A worker ant (D:5)
  3 hell rats (D:6)
  2 iguanas
  A hound zombie (D:6)
  A hound skeleton (D:6)
  6 gnolls (D:4)
  13 adders
  4 river rats (D:6)
  A shadow imp (D:4)
  2 white imps (D:5)
  An ufetubus (D:4)
  An ooze (D:2)
  A worm (D:3)
  2 dart slugs
  4 leopard geckos
  16 orcs
  6 bats
  2 giant cockroaches (D:1)
  11 goblins
  9 hobgoblins
  6 jackals (D:3)
  5 quokkas
  A ball python (D:3)
  8 frilled lizards
  6 kobolds
  21 rats
  A butterfly (Temple)
156 creatures vanquished.

Vanquished Creatures (others)
  An adder zombie (D:5)
1 creature vanquished.

Grand Total: 157 creatures vanquished

Notes
Turn   | Place    | Note
-------+----------+-------------------------------------------
     0 | D:1      | Zeld the Octopode Monk began the quest for the Orb.
     0 | D:1      | Reached XP level 1. HP: 16/16 MP: 1/1
   268 | D:1      | Reached XP level 2. HP: 19/21 MP: 2/2
   990 | D:1      | Found a sparkling altar of Nemelex Xobeh.
  1280 | D:2      | Reached XP level 3. HP: 26/26 MP: 3/3
  2263 | D:2      | Reached XP level 4. HP: 26/33 MP: 4/4
  3157 | D:3      | HP: 1/33 [acid (7)]
  3694 | D:3      | Reached XP level 5. HP: 37/37 MP: 5/5
  4613 | D:3      | Found a faded altar of an unknown god.
  4803 | D:3      | Noticed an orc warrior
  5841 | D:4      | Reached XP level 6. HP: 33/44 MP: 6/6
  6501 | D:4      | Noticed a phantom
  7285 | D:5      | Entered Level 5 of the Dungeon
  7338 | D:5      | Reached skill level 5 in Fighting
  7338 | D:5      | Reached skill level 5 in Dodging
  7396 | D:5      | Reached skill level 5 in Long Blades
  7396 | D:5      | Reached XP level 7. HP: 45/50 MP: 7/7
  7476 | D:5      | Found a staircase to the Ecumenical Temple.
  7489 | Temple   | Entered the Ecumenical Temple
  7648 | Temple   | Became a worshipper of Qazlal Stormbringer
  7648 | Temple   | Reached * piety under Qazlal
  7648 | Temple   | Reached ** piety under Qazlal
  7844 | D:5      | Noticed Blork the orc
  7855 | D:5      | Killed Blork the orc
  7982 | D:5      | Noticed Eustachio
  7999 | D:5      | Killed Eustachio
  8788 | D:5      | Reached XP level 8. HP: 57/57 MP: 8/8
  9005 | D:6      | Noticed Pikel
  9312 | D:5      | Killed Pikel
  9397 | D:6      | Noticed Prince Ribbit
  9407 | D:6      | Killed Prince Ribbit
  9527 | D:6      | Noticed Menkaure
  9535 | D:6      | Killed Menkaure
  9536 | D:6      | Reached XP level 9. HP: 34/64 MP: 9/9
  9878 | D:6      | Found the +2 ratskin cloak {*Rats rPois rN+ Str-1 Int-1
                  | Dex+1}
 10274 | D:6      | Reached *** piety under Qazlal
 11548 | D:3      | Found a faded altar of an unknown god.
 13067 | D:7      | Killed from afar by an orc priest

Illustrated notes

Levels and vault maps discovered:
D:1:      saegor_arrival_simple_e, layout_basic, amcnicky_mini_corridor_feature,
          nemelex_diamond_rough_becter
D:2:      layout_basic
D:3:      layout_loops_corners, chequers_ecumenical_altar_simple_redux
D:4:      layout_basic
D:5:      layout_loops_corners, minmay_temple_entry_butterflies,
          lemuel_flamethrower_2, uniq_eustachio, uniq_blork_the_orc
D:6:      wander_guarded_unrand_ratskin, layout_loops_ring, uniq_menkaure,
          uniq_prince_ribbit1, uniq_pikel
D:7:      layout_basic
Temple:   compressed_dpeg_circular_temple

Skill      XL: |  1  2  3  4  5  6  7  8 |
---------------+-------------------------+-----
Fighting       | 4 5 7 |  7.7
Dodging        | 4 5 7 |  7.7
Long Blades    | 4 5 7 |  7.6
Stealth        | |  2.6

Action                   |  1- 3 |  4- 6 |  7- 9 || total
-------------------------+-------+-------+-------++-------
Melee: Falchion          |    64 |   134 |   187 ||   385
       Constrict         |    14 |    46 |    47 ||   107
       Tentacles         |     8 |    48 |    71 ||   127
Invok: Upheaval          |       |       |     1 ||     1
 Stab: Sleeping          |    17 |    13 |       ||    30
Armor: Skin              |     7 |     4 |     9 ||    20
Dodge: Dodged            |    25 |   117 |   106 ||   248
Block: Other             |       |       |    20 ||    20
       Rpst.: Falchion   |     6 |    47 |    34 ||    87
